 Dungeon Crawl Stone Soup version 0.30.1-9-gdf580d7c3d (webtiles) character file.

Game seed: 16881361122283224612

457 lonewolfV2 the Trooper (level 6, -1/73 HPs)
             Began as a Demonspawn Chaos Knight on Oct 24, 2023.
             Was a Plaything of Xom.
             Slain by a mummy (6 damage)
             ... in an ossuary.
             The game lasted 00:08:43 (3259 turns).

lonewolfV2 the Trooper (Demonspawn Chaos Knight)    Turns: 3259, Time: 00:08:44

Health: -1/73      AC: 23    Str: 12 (14) XL:     6   Next: 77%
Magic:  6/6        EV:  2    Int: 12 (14) God:    Xom [*.....]
Gold:   294        SH:  0    Dex:  9 (12) Spells: 5/5 levels left

rFire   . . .        a - +0 hand axe (chaos)
rCold   . . .        (no shield)
rNeg    . . .        l - melded +1 chain mail
rPois   +            (helmet currently unavailable)
rElec   .            (cloak currently unavailable)
rCorr   .            w - melded +0 pair of gloves
SInv    +            h - melded +2 pair of boots
Will    .....        p - amulet of regeneration
Stlth   +            i - ring of flight
HPRegen 1.12/turn    v - ring of see invisible
MPRegen 0.10/turn

%: no passive effects
@: tree-form
A: stationary, stasis, torment immunity, boosted hp, rugged brown scales 1,
ignite blood 2, (fire resistance 1), frail 1, (shaggy fur 1), evolution 1
a: Renounce Religion


You were in an ossuary.
You worshipped Xom.
You were a special plaything of Xom.
You were a tree.
You visited 1 branch of the dungeon, and saw 4 of its levels.
You also visited: Sewer and Ossuary.

You collected 294 gold pieces.

Inventory:

Hand Weapons
 a - a +0 hand axe of chaos (weapon)
Armour
 b - a +2 leather armour
 h - a +2 pair of boots (melded)
 j - a +0 scale mail
 l - a +1 chain mail (melded)
 w - a +0 pair of gloves (melded)
Jewellery
 i - a ring of flight (left branch)
 p - an amulet of regeneration (around neck)
 v - a ring of see invisible (right branch)
Wands
 q - a wand of roots (11)
Scrolls
 n - a scroll of fear
 o - a scroll of enchant armour
 u - a scroll of identify
Potions
 e - a potion of heal wounds {unknown}
 f - a potion of resistance {unknown}
 g - 4 potions of flight
 k - a potion of attraction {unknown}
 r - a potion of magic {unknown}
 s - a potion of might {unknown}
 t - a potion of lignification
Miscellaneous
 c - a piece from Xom's chessboard (15/15) (quivered)


   Skills:
 * Level 6.6 Fighting
 + Level 4.5 Axes
 - Level 1.7 Armour
 - Level 0.8 Dodging


You had 5 spell levels left.
You didn't know any spells.
Your spell library contained the following spells:

 Spells                   Type           Power      Damage    Failure   Level
 Magic Dart               Conj           0%         1d3       32%         1
 Searing Ray              Conj           0%         2d4       45%         2
 Sublimation of Blood     Necr           0%         N/A       45%         2
 Wereblood                Tmut           0%         N/A       45%         2
 Vhi's Electric Charge    Tloc/Air       0%         N/A       69%         3
 Fulminant Prism          Conj/Hex       0%         3d5       97%         4
 Arcjolt                  Conj/Air       0%         1d10      100%        5
 Plasma Beam              Fire/Air       0%         2x1d11    100%        6
 Summon Hydra             Summ           0%         N/A       100%        7


Dungeon Overview and Level Annotations

Branches:
Dungeon (4/15)              Sewer (visited)         Ossuary (1/1)
 Temple: D:4-7

Altars:


Innate Abilities, Weirdness & Mutations

You are a tree.
Your roots penetrate the ground, keeping you stationary.
You cannot be teleported.
You are immune to unholy pain and torment.
Your maximum health is greatly increased.
Your equipment is partially melded.
(You are partially covered in rugged brown scales. (AC +1, +3% HP))
Your demonic aura often causes spilled blood to erupt in flames.
((Your flesh is heat resistant. (rF+)))
You are frail. (-10% HP)
((You are covered in fur. (AC +1)))
You have hidden genetic potential.


Message History

The mummy is lightly damaged.
You closely miss the mummy. You hit the gnoll zombie.
You closely miss the mummy. You barely miss the mummy. The mummy hits you!
The mummy hits you.
* * * LOW HITPOINT WARNING * * *
You hit the mummy but do no damage. Lightning courses through the mummy!
The mummy is heavily damaged.
You hit the mummy. You hit the mummy but do no damage.
You closely miss the mummy. You completely miss the gnoll zombie.
The gnoll zombie is engulfed in blazing flames.
You destroy the gnoll zombie!
The mummy hits you!
* * * LOW HITPOINT WARNING * * *
The mummy hits you but does no damage.
Unknown command.
Unknown command.
You feel better.
The orc zombie is engulfed in blazing flames.
You destroy the orc zombie!
The mummy hits you.
* * * LOW HITPOINT WARNING * * *
The mummy hits you but does no damage. The mummy hits you.
* * * LOW HITPOINT WARNING * * *
The mummy barely misses you.
You feel better.
It was a potion of lignification.
You turn into a tree.
Your +0 pair of gloves melds into your body.
Your +2 pair of boots melds into your body.
Your +1 chain mail melds into your body.
Your roots penetrate the ground.
The mummy hits you but does no damage. The mummy hits you!
* * * LOW HITPOINT WARNING * * *
The mummy hits you but does no damage. The mummy hits you!
* * * LOW HITPOINT WARNING * * *
It was a potion of degeneration.
There was something very wrong with that liquid.
You feel weakened.
You feel dopey.
You feel clumsy. The mummy hits you but does no damage. The mummy hits you.
You die...
Xom bursts into laughter!

....##....##...
...............
..............
............
#........#
#ZZZ...# #MMM.#
#M♣°.# #....#
#....# #....#
#....# #....#
#....# #.∩∩.#
######


You could see 4 mummies, a hobgoblin zombie and 2 kobold zombies.

Vanquished Creatures
  2 kobold brigands (Sewer)
  A hound (D:2)
  Terence (D:2)
  A mummy (D:4)
  6 gnolls (D:4)
  3 river rats (Sewer)
  6 adders
  3 worms
  2 dart slugs
  2 orcs (D:3)
  7 endoplasms
  4 giant cockroaches
  4 goblins
  4 hobgoblins
  5 jackals
  2 quokkas (D:1)
  7 ball pythons
  8 bats
  2 frilled lizards
  A gnoll zombie (Ossuary)
  A hobgoblin zombie (Ossuary)
  13 kobolds
  A kobold zombie (Ossuary)
  2 orc zombies (Ossuary)
  13 rats
101 creatures vanquished.

Vanquished Creatures (collateral kills)
  A hobgoblin (D:2)
  A kobold (D:2)
  2 quokkas (D:2)
  A rat (D:2)
5 creatures vanquished.

Grand Total: 106 creatures vanquished

Notes
Turn   | Place    | Note
-------+----------+-------------------------------------------
     0 | D:1      | lonewolfV2 the Demonspawn Chaos Knight began the quest for
                  | the Orb.
     0 | D:1      | Reached XP level 1. HP: 18/18 MP: 1/1
   101 | D:1      | XOM: silly message
   108 | D:1      | Found a faded altar of an unknown god.
   128 | D:1      | XOM: silly message
   178 | D:1      | XOM: silly message
   231 | D:1      | XOM: silly message
   239 | D:1      | XOM: silly message
   298 | D:1      | XOM: blink monster(s)
   305 | D:1      | Gained mutation: Your demonic aura sometimes causes spilled
                  | blood to erupt in flames. [demonic ancestry]
   305 | D:1      | Reached XP level 2. HP: 24/24 MP: 2/2
   316 | D:1      | XOM: 3-stop teleportation journey
   409 | D:1      | XOM: give mutation
   409 | D:1      | Gained mutation: You are frail. (-10% HP) [Xom's mischief]
   417 | D:1      | XOM: give mutation
   417 | D:1      | Gained mutation: Your flesh is heat resistant. (rF+) [Xom's
                  | mischief]
   789 | D:2      | Gained mutation: You are partially covered in rugged brown
                  | scales. (AC +1, +3% HP) [demonic ancestry]
   789 | D:2      | Reached XP level 3. HP: 17/27 MP: 3/3
   844 | D:2      | Reached skill level 4 in Fighting
   883 | D:2      | XOM: enchant monster (good)
   932 | D:2      | Reached XP level 4. HP: 30/35 MP: 4/4
   951 | D:2      | Noticed Terence
   962 | D:2      | XOM: confuse monster(s)
   965 | D:2      | Killed Terence
  1282 | D:2      | XOM: 6-stop teleportation journey
  1769 | D:2      | XOM: give mutations
  1769 | D:2      | Gained mutation: Your body sometimes deteriorates upon
                  | taking damage. [Xom's mischief]
  1769 | D:2      | Lost mutation: Your body sometimes deteriorates upon taking
                  | damage. [Xom's mischief]
  1769 | D:2      | Gained mutation: You are strong-willed. (Will+) [Xom's
                  | mischief]
  1832 | D:2      | Reached skill level 5 in Fighting
  1972 | D:3      | Gained mutation: Your demonic aura often causes spilled
                  | blood to erupt in flames. [demonic ancestry]
  1972 | D:3      | Reached XP level 5. HP: 40/40 MP: 5/5
  2290 | D:3      | Found a glowing drain.
  2313 | Sewer    | Entered a sewer
  2392 | Sewer    | XOM: swap monsters
  2402 | Sewer    | HP: 2/40 [kobold brigand/+0 club (2)]
  2410 | Sewer    | Reached skill level 6 in Fighting
  2410 | Sewer    | Reached XP level 6. HP: 27/48 MP: 6/6
  2685 | D:3      | XOM: confusion (+ monsters)
  3074 | D:4      | XOM: give mutations
  3074 | D:4      | Lost mutation: You are strong-willed. (Will+) [Xom's
                  | mischief]
  3074 | D:4      | Gained mutation: You are covered in fur. (AC +1) [Xom's
                  | mischief]
  3074 | D:4      | Gained mutation: You have hidden genetic potential. [Xom's
                  | mischief]
  3218 | D:4      | Found a sand-covered staircase.
  3230 | Ossuary  | Entered an ossuary
  3259 | Ossuary  | Slain by a mummy

Illustrated notes

Levels and vault maps discovered:
D:1:      dreamdust_arrival_beginning_and_end, layout_basic, serial_forest,
          infiniplex_forest_clump_C, infiniplex_forest_straight_3,
          infiniplex_forest_clump_double, infiniplex_forest_straight_4,
          infiniplex_forest_3_way, infiniplex_forest_lined_room_2,
          infiniplex_forest_lined_2, infiniplex_forest_side_room,
          chequers_ecumenical_altar_simple
D:2:      layout_basic, minmay_vboxes, uniq_terence
D:3:      minmay_razor_zed, layout_basic, portal_sewer_entry_b
D:4:      lemuel_castle_with_subvaults [lemuel_castle_interior_carwin_1],
          layout_loops_ring, minmay_temple_entry_wispy,
          gup_ossuary_entry_pyramid, chequers_serial_rivers_small_a
Ossuary:  ossuary_tomb_3

Skill      XL: |  1  2  3  4  5 |
---------------+----------------+-----
Axes           | 3 4 |  4.5
Fighting       | 4 5 6 |  6.6
Armour         | |  1.7
Dodging        | |  0.8

Action                     |  1- 3 |  4- 6 || total
---------------------------+-------+-------++-------
  Melee: Hand axe          |    84 |   228 ||   312
         Punch             |     1 |     4 ||     5
  Evoke: Wand              |       |     1 ||     1
    Use: Scroll            |       |     6 ||     6
         Potion            |       |     6 ||     6
   Stab: Paralysed         |     3 |       ||     3
         Distracted        |     1 |       ||     1
 Armour: Leather armour    |    50 |     5 ||    55
         Chain mail        |       |   174 ||   174
         Skin              |       |     3 ||     3
  Dodge: Dodged            |    69 |    94 ||   163
